 Dungeon Crawl Stone Soup version 0.29-a0-598-gd8304a5bf4 (webtiles) character file.

Game seed: 9891090804064827050

21 kyalle the Skirmisher (level 2, 0/27 HPs)
             Began as a Minotaur Fighter on June 15, 2022.
             Slain by a hobgoblin (4 damage)
             ... led by Robin
             ... on level 2 of the Dungeon.
             The game lasted 00:02:25 (1069 turns).

kyalle the Skirmisher (Minotaur Fighter)            Turns: 1069, Time: 00:02:26

Health: 0/27       AC:  9    Str: 20    XL:     2   Next: 62%
Magic:  1/1        EV:  7    Int:  5    God:
Gold:   38         SH:  4    Dex:  9    Spells: 1/1 levels left

rFire   . . .      SeeInvis .   a - +0 long sword
rCold   . . .      Faith    .   c - +0 buckler
rNeg    . . .      Spirit   .   i - +0 chain mail
rPois   .          Reflect  .   (helmet restricted)
rElec   .          Harm     .   (no cloak)
rCorr   .          Rampage  .   (no gloves)
Will    .....                   (no boots)
Stlth   ..........              (no amulet)
HPRegen 0.09/turn               (no ring)
MPRegen 0.07/turn               (no ring)

@: no status effects
A: horns 2, retaliatory headbutt
a: no special abilities


You were on level 2 of the Dungeon.
You visited 1 branch of the dungeon, and saw 2 of its levels.

You collected 38 gold pieces.

Inventory:

Hand Weapons
 a - a +0 long sword (weapon)
Missiles
 m - 3 poisoned darts (quivered)
Armour
 b - a +0 scale mail
 c - a +0 buckler (worn)
 i - a +0 chain mail (worn)
Scrolls
 e - 2 scrolls of identify {unknown}
 h - a scroll of summoning {unknown}
Potions
 d - 2 potions of might
 f - a potion of mutation {unknown}
 g - a potion of lignification {unknown}
 j - a potion of brilliance {unknown}
 k - a potion of attraction {unknown}
 l - a potion of ambrosia {unknown}


   Skills:
 * Level 4.0 Fighting
 * Level 2.9 Long Blades
 + Level 3.9 Armour
 + Level 3.8 Shields


You had one spell level left.
You didn't know any spells.
Your spell library was empty.

Dungeon Overview and Level Annotations

Branches:
Dungeon (2/15)

Altars:

Shops:
D:1 ?[

Annotations:
D:2 Robin


Innate Abilities, Weirdness & Mutations

You have a pair of horns on your head.
You reflexively headbutt those who attack you in melee.


Message History

The hobgoblin no longer looks unusually strong.
The goblin hits you with a +0 club.
* * * LOW HITPOINT WARNING * * *
You closely miss the goblin. You headbutt the goblin.
You kill the goblin!
The goblin no longer looks unusually strong.
Robin throws the goblin at you!
The goblin hits you but does no damage. x2
You barely miss the goblin. Your headbutt misses the goblin.
A bat comes into view.
The goblin hits you with a +0 club.
* * * LOW HITPOINT WARNING * * *
The goblin attacks as you move away! The goblin hits you but does no damage.
The goblin attacks as you move away! The goblin hits you but does no damage.
The goblin attacks as you move away! The goblin hits you but does no damage.
The goblin attacks as you move away! The goblin hits you but does no damage.
You slash the goblin!
You kill the goblin!
Robin roars a battlecry!
The hobgoblin goes into a battle-frenzy!
You block the bat's attack. The bat attacks as you move away!
The bat hits you but does no damage. x2
A ball python comes into view.
The ball python hisses angrily.
The bat barely misses you. x2
You block the bat's attack.
You miss the bat. You headbutt the bat.
You kill the bat!
Robin roars a battlecry!
The goblin goes into a battle-frenzy!
The hobgoblin barely misses you.
You barely miss the hobgoblin. You block the hobgoblin's attack.
You block the ball python's attack. The ball python barely misses you.
You barely miss the ball python. You block the ball python's attack.
The ball python barely misses you. The hobgoblin hits you.
* * * LOW HITPOINT WARNING * * *
You hit the ball python but do no damage.
You headbutt the ball python.
You kill the ball python!
The hobgoblin hits you.
You die...

#.##....###.......
#.####........<...
#.......###.......
######..# #.####.# #..#
#.####.#
####..###.##....
#.......#.##.#.#
####.####g##...........#
......†@ggg...)......###
..#...###.#.###.####.#
#...###.#.###.# #.#
...........))..# #.# ...
.##.##.##### #.# ##
#.......# #.# ####...##
... #... ... ...gg


You could see Robin, a hobgoblin (strong) and 2 goblins.

Vanquished Creatures
  3 ball pythons
  2 bats
  An endoplasm (D:1)
  10 goblins
  A quokka (D:2)
  2 frilled lizards
19 creatures vanquished.

Notes
Turn   | Place    | Note
-------+----------+-------------------------------------------
     0 | D:1      | kyalle the Minotaur Fighter began the quest for the Orb.
     0 | D:1      | Reached XP level 1. HP: 19/19 MP: 0/0
   111 | D:1      | Found Lijurimi's Armour Boutique.
   130 | D:1      | Found Tanutzen's Magic Scroll Boutique.
   232 | D:1      | Found a faded altar of an unknown god.
   704 | D:1      | Reached XP level 2. HP: 27/27 MP: 1/1
  1028 | D:2      | Noticed Robin
  1042 | D:2      | Reached skill level 4 in Fighting
  1069 | D:2      | Slain by a hobgoblin

Illustrated notes

Levels and vault maps discovered:
D:1:      dpeg_arrival_another_circle, layout_basic,
          dreamdust_ecumenical_altar_angels_and_demons, serial_shops,
          nicolae_shop_hallway_plus, nicolae_diamond_shop, minivault_25,
          corexii_item_surrounded_by_moat
D:2:      layout_loops_cross, uniq_robin

Skill      XL: |  1  2 |
---------------+-------+-----
Fighting       | 4 |  4.0
Long Blades    | |  2.9
Armour         | |  3.9
Shields        | |  3.8

Action                   || total
-------------------------++-------
Melee: Long sword        ||    46
       Headbutt          ||     7
Armor: Scale mail        ||     5
       Chain mail        ||    27
Dodge: Dodged            ||    16
Block: Buckler           ||    14

Table legend: (Time is in decaauts)
 A = Elapsed time spent in this place.
 B = Non-inter-level travel time spent in this place.
 C = Inter-level travel time spent in this place.
 D = Time resting spent in this place.
 E = Time spent auto-exploring this place.
 F = Levels seen in this place.
 G = Mean time per level.
                   A        B        C        D        E       F      G
               +--------+--------+--------+--------+--------+-----+--------+
         Total |   1082 |   1073 |      9 |      0 |    900 |   2 |  541.0 |
       Dungeon |   1082 |   1073 |      9 |      0 |    900 |   2 |  541.0 |
               +--------+--------+--------+--------+--------+-----+--------+

Top non-repeatable levels by time:
     D:1: 927 daAuts
     D:2: 154 daAuts
